 Dungeon Crawl Stone Soup version 0.18-a0-1542-g9c1a92e (webtiles) character file.

419 M4edhros the Ducker (level 6, -13/38 HPs)
             Began as an Octopode Artificer on Mar 10, 2016.
             Was an Initiate of Ashenzari.
             Killed by divine providence
             ... invoked by an orc priest
              (16 damage)
             ... on level 4 of the Dungeon.
             The game lasted 00:08:56 (4851 turns).

M4edhros the Ducker (Octopode Artificer)            Turns: 4851, Time: 00:08:58

Health: -13/38     AC:  1    Str:  8 (11) XL:     6   Next: 93%
Magic:  9/9        EV: 14    Int: 12 (14) God:    Ashenzari [......]
Gold:   208        SH:  0    Dex: 11 (14) Spells: 1 memorised, 6 levels left

rFire  . . .     SeeInvis .     a - +0 short sword
rCold  . . .     Gourm    .     (no shield)
rNeg   . . .     Faith    .     (helmet restricted)
rPois  .         Spirit   .     (no amulet)
rElec  .         Dismiss  .     D - ring of flight
rCorr  .         Reflect  .     (no ring)
SustAt .         Harm     .     (no ring)
MR     .....                    (no ring)
Stlth  +++.......               (no ring)
                                (no ring)
                                (no ring)
                                (no ring)

@: not resistant to hostile enchantments, fairly stealthy
A: almost no armour, amphibious, 8 rings, constrict 8, camouflage 1, gelatinous
body 1
a: Curse Item, Renounce Religion, Evoke Flight


You were on level 4 of the Dungeon.
You worshipped Ashenzari.
Ashenzari was noncommittal.
You were not hungry.

You visited 2 branches of the dungeon, and saw 6 of its levels.

You collected 208 gold pieces.

Inventory:

Hand Weapons
 a - a +0 short sword (weapon)
 p - a +0 blowgun
 y - a +0 hunting sling
Missiles
 e - 6 curare-tipped needles
 s - 16 poisoned needles
 v - 39 sling bullets
 w - 166 stones (quivered)
Jewellery
 D - a ring of flight (left tentacle)
Wands
 b - a wand of flame (15/48)
 c - a wand of enslavement (14/24)
 d - a wand of random effects (8/48)
Scrolls
 i - 5 scrolls of recharging {unknown}
 k - 3 scrolls of remove curse
 m - 2 scrolls of immolation {unknown}
 n - a scroll of teleportation {unknown}
 o - 3 scrolls of amnesia {unknown}
 q - 2 scrolls of identify {unknown}
 t - a scroll of random uselessness {unknown}
 z - a scroll of fog {unknown}
 C - a scroll of enchant weapon {unknown}
Potions
 j - a potion of degeneration
 r - a potion of magic
Books
 B - a book of Air

   Spells                             Type                      Level
   a - Shock                          Conjuration/Air              1
   b - Swiftness                      Charms/Air                   2
   c - Repel Missiles                 Charms/Air                   2
   d - Static Discharge               Conjuration/Air              3
   e - Lightning Bolt                 Conjuration/Air              5
Comestibles
 f - 4 bread rations
 g - 2 beef jerkies
 h - 4 chunks of flesh
 E - a royal jelly


   Skills:
 - Level 1.0 Fighting
 - Level 1.0 Short Blades
 - Level 5.2 Dodging
 - Level 1.3 Stealth
 - Level 1.0 Spellcasting
 + Level 2.0 Conjurations
 + Level 2.1 Air Magic
 - Level 4.7 Evocations


You had 6 spell levels left.
You knew the following spells:

 Your Spells              Type           Power        Failure   Level  Hunger
a - Shock                 Conj/Air       #...         14%         1    ##.....


Dungeon Overview and Level Annotations

Branches:
Dungeon (5/15)             Temple (1/1) D:4

Altars:
Ashenzari
Cheibriados
Dithmenos
Kikubaaqudgha
Makhleb
Nemelex Xobeh
Pakellas
Qazlal
Ru
Sif Muna
Trog
Vehumet
Xom
Yredelemnul
The Shining One


Innate Abilities, Weirdness & Mutations

You cannot wear most types of armour.
You are amphibious.
You can wear up to eight rings at the same time.
You can use your tentacles to constrict eight enemies at once.
Your skin changes colour to match your surroundings (Stealth).
Your rubbery body absorbs attacks (AC +1).


Message History

You constrict the orc, but do no damage.
You constrict the orc. The orc hits you with a mace!
* * * LOW HITPOINT WARNING * * *
The orc closely misses you.
Drink which item? (? for menu, Esc to quit)
It was a potion of cure mutation.
It has a very clean taste.
You constrict the orc, but do no damage. x2
The orc hits you with a club.
* * * LOW HITPOINT WARNING * * *
Evoke which item? (* to show all) (? for menu, Esc to quit)
Zapping:
d - a wand of random effects (9/48)
Press: ? - help, Shift-Dir - straight line, f - orc
Aim: an orc, wielding a club and wearing a ring mail (heavily wounded, constricted by you)
The puff of flame hits the orc.
You kill the orc!
This wand has 8 charges left.
You constrict the orc. The orc hits you but does no damage.
The orc priest invokes the aid of Beogh against you.
Beogh smites you!
You die...

# #........# # #.######.## #####
###.#####.#.#####...############
..#.#....###...................##
......###.#.........#########...#
..#.######.#.######..............
........##.#.# #..######......
.....##.##.#.######...# #.##.##
.......#.....o.o@o....#####.#####
.#...##.##....#####...##.>..# #
.##.###.##..§≈≈..#...###.##.# #
.##........≈≈§≈≈o.....##.##.#####
..........≈≈≈≈§≈§....###.##......
..###...##≈§≈>≈§≈##.## #.#.....##
...##...##≈§§≈§o≈##.# #.#.#####
#.#.#<#.##.≈≈§≈≈.##.# #.#.#
#.##..#.....§≈≈..##.# #.#.#


You could see an orc priest and 2 orcs.

Vanquished Creatures
  An ogre (D:4)
  2 scorpions (D:4)
  A crimson imp (D:2)
  A centaur skeleton (D:4)
  An iguana (D:4)
  A hound skeleton (D:4)
  5 adders
  A shadow imp (D:5)
  An ooze (D:3)
  4 dart slugs
  2 giant geckos
  2 orcs
  6 bats
  A giant cockroach (D:1)
  12 goblins
  3 hobgoblins
  12 jackals
  A ball python skeleton (D:4)
  3 giant newts
  8 kobolds
  3 rats
71 creatures vanquished.

Vanquished Creatures (others)
  Pikel (D:4)
  4 slaves (D:4)
  A worker ant (D:4)
  4 orcs (D:4)
  A jackal (D:4)
11 creatures vanquished.

Grand Total: 82 creatures vanquished

Notes
Turn   | Place    | Note
--------------------------------------------------------------
     0 | D:1      | M4edhros the Octopode Artificer began the quest for the Orb.
     0 | D:1      | Reached XP level 1. HP: 13/13 MP: 3/3
   139 | D:1      | Reached XP level 2. HP: 18/18 MP: 4/4
   478 | D:2      | Found a sparkling altar of Nemelex Xobeh.
   550 | D:4      | Found a deep blue altar of Sif Muna.
   558 | D:5      | Entered Level 5 of the Dungeon
   674 | D:5      | Reached XP level 3. HP: 11/23 MP: 6/6
  1005 | D:5      | Noticed a phantom
  1099 | D:4      | Killed a slave
  1102 | D:4      | Killed a slave
  1343 | D:4      | Noticed a slave
  1382 | D:4      | Reached skill level 3 in Dodging
  1382 | D:4      | Reached XP level 4. HP: 6/28 MP: 7/7
  1634 | D:4      | Found a staircase to the Ecumenical Temple.
  1665 | Temple   | Entered the Ecumenical Temple
  1899 | Temple   | Became a worshipper of Ashenzari the Shackled
  3081 | D:2      | Found a burning altar of Makhleb.
  3094 | D:2      | Reached skill level 4 in Dodging
  3094 | D:2      | Reached XP level 5. HP: 29/33 MP: 8/8
  3940 | D:4      | Killed a slave
  4030 | D:4      | Reached skill level 5 in Dodging
  4030 | D:4      | Reached XP level 6. HP: 24/38 MP: 9/9
  4086 | D:4      | Killed a slave
  4156 | D:4      | Killed Pikel
  4309 | D:4      | Learned a level 1 spell: Shock
  4327 | D:4      | Reached skill level 1 in Spellcasting
  4612 | D:4      | Found a shadowy altar of Dithmenos.
  4766 | D:4      | Reached skill level 1 in Conjurations
  4766 | D:4      | Reached skill level 1 in Air Magic
  4851 | D:4      | Killed from afar by an orc priest

Vault maps used:
D:1:      minmay_arrival_four_loops, grunt_decor_cap
D:2:      nemelex_deck, makhleb_grotto_becter
D:3:      first_bread
D:4:      lemuel_crystal_altar, lemuel_coloured_pillars_altar,
          minmay_temple_entry_mist, lemuel_old_faithful, uniq_pikel
D:5:      johnstein_pakellas_shop
Temple:   triangle_lava_temple_11

Skill      XL: |  1  2  3  4  5  6 |
---------------+-------------------+-----
Evocations     | 4 |  4.7
Dodging        | 3 4 5 |  5.2
Spellcasting   | 1 |  1.0
Conjurations   | 2 |  2.0
Air Magic      | 2 |  2.1
Fighting       | |  1.0
Short Blades   | |  1.0
Stealth        | |  1.3

Action                   |  1- 3 |  4- 6 || total
-------------------------+-------+-------++-------
Melee: Short sword       |    55 |   120 ||   175
Evoke: Wand              |       |     8 ||     8
  Use: Potion            |     3 |     6 ||     9
 Stab: Sleeping          |     8 |     9 ||    17
  Eat: Chunk             |       |    13 ||    13
